AoeStats
← xXAngry_AlmanXx

Arena

505842575Analyzed
1v1 RM · 22d ago on Sep 11, 2026· 53m 5s· 2 players
Game mode
Random Map
Map size
Tiny (2 player)
Population
200
Speed
Normal
Resources
Standard
Victory
Conquest
Starting age
Dark Age
Ending age
Imperial Age
RankedLock teamsTeams togetherTeam positionsShared explorationLock speedFull tech treeHidden civsTurbo modeCheats
Victory
Defeat
🇩🇪 Inca · Germany
997
+16
🇩🇪 Spanish · Germany
1007
-38
UmBerto
11:55 Feudal Age
15:50 Castle Age
15:01 Town Watch
15:18 Champi Runner
17:02 Wheelbarrow
16:14 Double-Bit Axe
16:11 Horse Collar
17:19 Squires
22:30 Fletching
26:30 Loom
27:14 Bodkin Arrow
33:22 Gold Mining
33:54 Padded Archer Armor
33:20 Elite Skirmisher
34:07 Thumb Ring
38:10 Imperial Age
36:28 Bow Saw
36:39 Andean Sling
37:46 Masonry
38:39 Ballistics
39:15 Leather Archer Armor
41:19 Chemistry
41:37 Conscription
41:26 Bracer
44:09 Leather Archer Armor
44:08 Forging
44:22 Heavy Plow
45:14 Hand Cart
45:59 Town Patrol
46:56 Champi Warrior
47:25 Arson
48:02 Stone Mining
48:18 Murder Holes
48:09 Elite Champi Warrior
52:28 Fabric Shields
xXAngry_AlmanXx
11:18 Feudal Age
15:53 Castle Age
13:39 Loom
15:18 Double-Bit Axe
17:47 Horse Collar
32:11 Imperial Age
34:49 Pikeman
43:52 Wheelbarrow
44:28 Bow Saw
44:29 Heavy Plow
47:47 Elite Skirmisher
48:20 Fletching
48:30 Padded Archer Armor
48:31 Scale Mail Armor
48:42 Forging
53:01 Hand Cart
53:46 Ballistics
53:39 Masonry
Connection lost

Rejoining the realm…

Still unreachable

The connection could not be restored.

Session expired

The server has moved on; the page needs a fresh start.